San Jose Sharks vs Hartford Whalers

Created - Thursday, August 28, 2025 at 07:41

Goals
1 2 3 T
San Jose Sharks 1 4 1 6
Hartford Whalers 0 0 3 3
Shots
1 2 3 T
San Jose Sharks 7 17 10 34
Hartford Whalers 9 8 13 30

1st period

1. San Jose Sharks , Kevin Fiala 11 (Carter Verhaeghe 10, Mattias Samuelsson 5) at 2:24

Penalties :
Anders Lee (HFD) for Tripping (Minor) at 12:55

2nd period

2. San Jose Sharks , Adam Henrique 4 (Mattias Samuelsson 6, Max Domi 7) at 3:35
3. San Jose Sharks , Andre Burakovsky 5 (Max Domi 8, Connor Murphy 5) at 5:01 (PP)
4. San Jose Sharks , Travis Boyd 1 (Robby Fabbri 5) at 8:23
5. San Jose Sharks , Ilya Mikheyev 4 (Connor Murphy 6) at 18:55

Penalties :
Anders Lee (HFD) for Holding (Minor) at 4:24, Carter Verhaeghe (SJS) for High sticking (Minor) at 6:08, Marcus Pettersson (SJS) for Holding (Minor) at 10:49, Samuel Montembeault (HFD) for Slashing (Minor) at 19:49 - Tomas Hertl served the penalty

3rd period

6. San Jose Sharks , Andre Burakovsky 6 (Alexander Wennberg 11, Max Domi 9) at 0:41 (PP)
7. Hartford Whalers , Anders Lee 5 (Matthew Coronato 7, Seth Jones 3) at 3:07
8. Hartford Whalers , Tom Wilson 9 (Nick Suzuki 14, Joshua Norris 11) at 17:11
9. Hartford Whalers , Joshua Norris 3 (Nick Suzuki 15, Tom Wilson 8) at 17:29

Penalties :
Kevin Fiala (SJS) for Holding (Minor) at 3:31, Kevin Fiala (SJS) for Hooking (Minor) at 6:55

Goalie Stats

Jakub Dobes (SJS), 27 saves from 30 shots - (0.900), W, 8-4-3, 60:00 minutes
Samuel Montembeault (HFD), 28 saves from 34 shots - (0.824), L, 6-9-3, 60:00 minutes

Players Stats for San Jose Sharks

Player Name              G  A  P  +/- PIM S  H  SB GA TA FO     MP     PP MP  PK MP  
------------------------------------------------------------------------------------
Adam Henrique            1  0  1  -1  0   3  0  0  1  0  10/17  18:34   0:56   3:41 
Alexander Wennberg       0  1  1   0  0   2  0  0  0  1  13/21  19:25   1:47   3:11 
Andre Burakovsky         2  0  2  -1  0   3  1  0  1  0  0/2    15:22   1:21   0:00 
Andrew Copp              0  0  0   1  0   1  1  0  0  0  6/8    12:12   0:42   0:00 
Anthony Beauvillier      0  0  0   1  0   3  0  0  0  0  0/2    14:08   0:00   2:23 
Blake Lizotte            0  0  0   1  0   1  1  0  1  0  0/0     9:06   0:17   0:31 
Carter Verhaeghe         0  1  1   0  2   4  1  1  1  1  2/5    19:12   1:33   3:03 
Connor Murphy            0  2  2   0  0   0  1  2  0  0  0/0    24:52   1:33   4:06 
Ilya Mikheyev            1  0  1   1  0   4  1  1  0  1  0/0    13:42   0:54   1:01 
Jordan Spence            0  0  0   1  0   1  0  0  0  0  0/0    13:35   0:00   0:18 
Josh Manson              0  0  0   0  0   0  2  1  0  0  0/0    21:33   1:55   3:32 
Kevin Fiala              1  0  1   0  4   3  0  1  2  0  0/1    18:25   1:33   2:02 
Marcus Pettersson        0  0  0   0  2   0  1  1  0  0  0/0    21:27   1:55   2:45 
Mattias Samuelsson       0  2  2   0  0   1  0  1  0  0  0/0    25:18   1:33   4:24 
Max Domi                 0  3  3  -1  0   4  1  0  1  1  0/0    15:22   1:21   0:00 
Nicolas Hague            0  0  0   1  0   0  1  0  0  0  0/0    13:23   0:00   0:47 
Robby Fabbri             0  1  1   1  0   2  2  1  1  1  0/0     8:12   0:00   0:00 
Travis Boyd              1  0  1   1  0   2  0  0  0  0  3/4     8:12   0:00   0:00 

Players Stats for Hartford Whalers

Player Name              G  A  P  +/- PIM S  H  SB GA TA FO     MP     PP MP  PK MP  
------------------------------------------------------------------------------------
Anders Lee               1  0  1  -1  4   2  4  0  0  0  1/2    13:06   0:33   0:00 
Anthony Cirelli          0  0  0  -1  0   0  0  0  0  0  5/12   20:36   3:39   1:13 
Braden Schneider         0  0  0  -1  0   1  1  1  0  0  0/0    12:49   0:00   0:00 
Charlie McAvoy           0  0  0  -1  0   0  2  0  0  0  0/0    17:24   4:13   0:03 
Devon Toews              0  0  0   2  0   2  0  1  0  1  0/0    20:01   3:43   1:31 
Dylan Guenther           0  0  0  -1  0   3  0  0  1  0  0/0    12:51   0:13   0:00 
Jonathan Drouin          0  0  0   0  0   1  0  0  0  0  1/1    12:47   4:13   0:37 
Joshua Norris            1  1  2   1  0   7  1  0  1  0  2/2    20:19   3:50   1:42 
Kaapo Kakko              0  0  0   0  0   1  2  0  0  0  1/2     8:41   0:13   0:00 
Kaiden Guhle             0  0  0   0  0   0  0  0  0  0  0/0     6:04   0:00   0:03 
Matthew Coronato         0  1  1  -1  0   3  1  0  0  1  1/10   15:56   3:43   0:00 
Nick Suzuki              0  2  2   1  0   2  3  0  0  1  15/27  23:58   3:47   1:38 
Pierre-Luc Dubois        0  0  0  -1  0   1  4  0  1  1  0/2    18:47   3:53   0:08 
Seth Jones               0  1  1  -2  0   0  1  1  1  2  0/0    16:46   0:00   1:54 
Tom Wilson               1  1  2   1  0   5  1  0  0  0  0/1    20:20   3:50   1:38 
Tomas Hertl              0  0  0  -1  0   0  0  0  0  0  0/1    17:50   3:50   0:00 
Tyler Myers              0  0  0  -2  0   2  1  2  0  1  0/0    22:35   0:00   1:54 
Vladislav Gavrikov       0  0  0   2  0   0  2  1  1  1  0/0    15:40   0:00   1:31 

3 Stars

1 - Andre Burakovsky (SJS)
2 - Ilya Mikheyev (SJS)
3 - Max Domi (SJS)

Power Play

San Jose Sharks - 2 on 3 Attempt(s) - 66.67%
Hartford Whalers - 0 on 4 Attempt(s) - 0.00%

Penalty Kill

San Jose Sharks - 4 on 4 Attempt(s) - 100.00% - Score 0 goal in Penalty Kill
Hartford Whalers - 1 on 3 Attempt(s) - 33.33% - Score 0 goal in Penalty Kill

Team Stat

San Jose Sharks - Hits : 13 - Faceoff Wins : 34 - Blocked Shots : 9 - Penalty Minutes : 8
Hartford Whalers - Hits : 23 - Faceoff Wins : 26 - Blocked Shots : 6 - Penalty Minutes : 6

Official

Referees : Conor O'Donnell and Dan O'Rourke
Linesman : Mark Shewchyk and Joseph Mahon

Game Notes

No Game Note

Finance

Level 1 -- Attendance: 5333 (88.88%) -- Ticket Income $453,305
Level 2 -- Attendance: 4350 (87.00%) -- Ticket Income $239,250
Level 3 -- Attendance: 2643 (88.10%) -- Ticket Income $79,290
Level 4 -- Attendance: 4921 (98.42%) -- Ticket Income $98,420
Luxury Box -- Attendance: 857 (85.70%) -- Ticket Income $162,830
Game was played at the Hartford Civic Center.
Total Attendance: 18104 (90.52%)
Total Ticket Income: $1,033,095
Other Income: $361,583
Total Income: $1,394,678

San Jose Sharks

5 vs 5 Forward 
   Center                   Left Wing                Right Wing               Time % Phy DF OF 
 1 Alexander Wennberg       Kevin Fiala              Carter Verhaeghe         30     1   2  2  
 2 Adam Henrique            Max Domi                 Andre Burakovsky         30     1   2  2  
 3 Andrew Copp              Anthony Beauvillier      Ilya Mikheyev            25     1   2  2  
 4 Travis Boyd              Robby Fabbri             Blake Lizotte            15     1   2  2  

5 vs 5 Defense 
   Defense                  Defense                                           Time % Phy DF OF 
 1 Mattias Samuelsson       Connor Murphy                                     30     1   2  2  
 2 Marcus Pettersson        Josh Manson                                       30     1   2  2  
 3 Jordan Spence            Nicolas Hague                                     25     1   2  2  
 4 Mattias Samuelsson       Connor Murphy                                     15     1   2  2  

PowerPlay Forward 
   Center                   Left Wing                Right Wing               Time % Phy DF OF 
 1 Carter Verhaeghe         Kevin Fiala              Adam Henrique            50     1   2  2  
 2 Alexander Wennberg       Max Domi                 Andre Burakovsky         50     1   2  2  

PowerPlay Defense
   Defense                  Defense                                           Time % Phy DF OF 
 1 Mattias Samuelsson       Connor Murphy                                     50     1   2  2  
 2 Marcus Pettersson        Josh Manson                                       50     1   2  2  

Penalty Kill 4 Players Forward 
   Center                   Wing                     Time % Phy DF OF 
 1 Kevin Fiala              Carter Verhaeghe         50     1   2  2  
 2 Alexander Wennberg       Adam Henrique            50     1   2  2  

Penalty Kill 4 Players Defense
   Defense                  Defense                  Time % Phy DF OF 
 1 Mattias Samuelsson       Connor Murphy            50     1   2  2  
 2 Marcus Pettersson        Josh Manson              50     1   2  2  

Penalty Kill - 3 Players Forward 
   Forward                                           Time % Phy DF OF 
 1 Kevin Fiala                                       50     1   2  2  
 2 Carter Verhaeghe                                  50     1   2  2  

Penalty Kill - 3 Players Defense
   Defense                  Defense                  Time % Phy DF OF 
 1 Mattias Samuelsson       Connor Murphy            50     1   2  2  
 2 Marcus Pettersson        Josh Manson              50     1   2  2  

4 vs 4 Forward 
   Center                   Wing                     Time % Phy DF OF 
 1 Kevin Fiala              Carter Verhaeghe         50     1   2  2  
 2 Alexander Wennberg       Adam Henrique            50     1   2  2  

4 vs 4 Defense
   Defense                  Defense                  Time % Phy DF OF 
 1 Mattias Samuelsson       Connor Murphy            50     1   2  2  
 2 Marcus Pettersson        Josh Manson              50     1   2  2  

Last Minutes Offensive
   Center                   Left Wing                Right Wing               Defense                  Defense                  
   Carter Verhaeghe         Kevin Fiala              Adam Henrique            Mattias Samuelsson       Connor Murphy            

Last Minutes Defensive
   Center                   Left Wing                Right Wing               Defense                  Defense                  
   Carter Verhaeghe         Kevin Fiala              Adam Henrique            Mattias Samuelsson       Connor Murphy            

Goaltenders
Starting : Jakub Dobes              
Backup : Tristan Jarry            

Extra Forwards
Normal : Ilya Mikheyev, Andrew Copp, Anthony Beauvillier - PP : Ilya Mikheyev, Andrew Copp - PK : Anthony Beauvillier
Extra Defensemen
Normal : Jordan Spence, Nicolas Hague, Marcus Pettersson - PP : Jordan Spence - PK : Nicolas Hague, Marcus Pettersson
Penalty Shots
Kevin Fiala, Carter Verhaeghe, Alexander Wennberg, Adam Henrique, Max Domi

Scratches
Ryan Johansen (Healthy), Calle Jarnkrok (Healthy)

Hartford Whalers

5 vs 5 Forward 
   Center                   Left Wing                Right Wing               Time % Phy DF OF 
 1 Nick Suzuki              Joshua Norris            Tom Wilson               30     1   2  2  
 2 Anthony Cirelli          Tomas Hertl              Pierre-Luc Dubois        30     1   2  2  
 3 Matthew Coronato         Anders Lee               Dylan Guenther           25     1   2  2  
 4 Kaapo Kakko              Jonathan Drouin          Nick Suzuki              15     1   2  2  

5 vs 5 Defense 
   Defense                  Defense                                           Time % Phy DF OF 
 1 Tyler Myers              Seth Jones                                        30     1   2  2  
 2 Vladislav Gavrikov       Devon Toews                                       30     1   2  2  
 3 Braden Schneider         Charlie McAvoy                                    25     1   2  2  
 4 Kaiden Guhle             Tyler Myers                                       15     1   2  2  

PowerPlay Forward 
   Center                   Left Wing                Right Wing               Time % Phy DF OF 
 1 Nick Suzuki              Joshua Norris            Tom Wilson               50     1   2  2  
 2 Anthony Cirelli          Tomas Hertl              Pierre-Luc Dubois        50     1   2  2  

PowerPlay Defense
   Defense                  Defense                                           Time % Phy DF OF 
 1 Charlie McAvoy           Jonathan Drouin                                   50     1   2  2  
 2 Matthew Coronato         Devon Toews                                       50     1   2  2  

Penalty Kill 4 Players Forward 
   Center                   Wing                     Time % Phy DF OF 
 1 Nick Suzuki              Tom Wilson               50     1   2  2  
 2 Joshua Norris            Anthony Cirelli          50     1   2  2  

Penalty Kill 4 Players Defense
   Defense                  Defense                  Time % Phy DF OF 
 1 Tyler Myers              Seth Jones               50     1   2  2  
 2 Vladislav Gavrikov       Devon Toews              50     1   2  2  

Penalty Kill - 3 Players Forward 
   Forward                                           Time % Phy DF OF 
 1 Nick Suzuki                                       50     1   2  2  
 2 Tom Wilson                                        50     1   2  2  

Penalty Kill - 3 Players Defense
   Defense                  Defense                  Time % Phy DF OF 
 1 Tyler Myers              Seth Jones               50     1   2  2  
 2 Vladislav Gavrikov       Devon Toews              50     1   2  2  

4 vs 4 Forward 
   Center                   Wing                     Time % Phy DF OF 
 1 Nick Suzuki              Tom Wilson               50     1   2  2  
 2 Joshua Norris            Anthony Cirelli          50     1   2  2  

4 vs 4 Defense
   Defense                  Defense                  Time % Phy DF OF 
 1 Tyler Myers              Seth Jones               50     1   2  2  
 2 Vladislav Gavrikov       Devon Toews              50     1   2  2  

Last Minutes Offensive
   Center                   Left Wing                Right Wing               Defense                  Defense                  
   Nick Suzuki              Tomas Hertl              Tom Wilson               Jonathan Drouin          Seth Jones               

Last Minutes Defensive
   Center                   Left Wing                Right Wing               Defense                  Defense                  
   Joshua Norris            Anthony Cirelli          Tom Wilson               Tyler Myers              Seth Jones               

Goaltenders
Starting : Samuel Montembeault      
Backup : Spencer Knight           

Extra Forwards
Normal : Anders Lee, Dylan Guenther, Jonathan Drouin - PP : Anders Lee, Dylan Guenther - PK : Jonathan Drouin
Extra Defensemen
Normal : Braden Schneider, Charlie McAvoy, Kaiden Guhle - PP : Braden Schneider - PK : Charlie McAvoy, Kaiden Guhle
Penalty Shots
Nick Suzuki, Tom Wilson, Joshua Norris, Anthony Cirelli, Tomas Hertl

Scratches
Danny Zhilkin (Healthy), Chaz Lucius (Healthy), Filip Mesar (Healthy)

% Time on Ice - San Jose Sharks

Lines # - Real PCT - Wanted PCT - Time Play
Normal Forward
1 - 31% - 30% - 14:53
2 - 29% - 30% - 14:01
3 - 24% - 25% - 11:30
4 - 17% - 15% - 8:12
Normal Defense
1 - 28% - 30% - 13:51
2 - 35% - 30% - 16:47
3 - 26% - 25% - 12:36
4 - 11% - 15% - 5:22
PP Forward
1 - 45% - 50% - 1:33
2 - 55% - 50% - 1:55
PP Defense
1 - 45% - 50% - 1:33
2 - 55% - 50% - 1:55
PK Forward
1 - 60% - 50% - 4:45
2 - 40% - 50% - 3:11
PK Defense
1 - 52% - 50% - 4:06
2 - 48% - 50% - 3:50
PK3 Forward
1 - 0% - 50%
2 - 0% - 50%
PK3 Defense
1 - 0% - 50%
2 - 0% - 50%
44 Forward
1 - 0% - 50%
2 - 0% - 50%
44 Defense
1 - 0% - 50%
2 - 0% - 50%
Last Minute Offensive  - 0:00
Last Minute Defensive  - 0:00
Total
Forward - 60:00
Defense - 60:00

% Time on Ice - Hartford Whalers

Lines # - Real PCT - Wanted PCT - Time Play
Normal Forward
1 - 31% - 30% - 14:56
2 - 29% - 30% - 14:03
3 - 25% - 25% - 12:04
4 - 16% - 15% - 7:33
Normal Defense
1 - 31% - 30% - 15:04
2 - 31% - 30% - 14:54
3 - 26% - 25% - 12:49
4 - 12% - 15% - 5:49
PP Forward
1 - 51% - 50% - 4:03
2 - 49% - 50% - 3:53
PP Defense
1 - 53% - 50% - 4:13
2 - 47% - 50% - 3:43
PK Forward
1 - 51% - 50% - 1:46
2 - 49% - 50% - 1:42
PK Defense
1 - 55% - 50% - 1:54
2 - 45% - 50% - 1:34
PK3 Forward
1 - 0% - 50%
2 - 0% - 50%
PK3 Defense
1 - 0% - 50%
2 - 0% - 50%
44 Forward
1 - 0% - 50%
2 - 0% - 50%
44 Defense
1 - 0% - 50%
2 - 0% - 50%
Last Minute Offensive  - 0:00
Last Minute Defensive  - 0:00
Total
Forward - 60:00
Defense - 60:00

Play-by-Play

1st period


0:01 of 1st period - Alexander Wennberg wins face-off versus Nick Suzuki in neutral zone.
0:04 of 1st period - Snap shot by Kevin Fiala.
0:04 of 1st period - Shot Misses the Net.
0:06 of 1st period - Slapshot by Kevin Fiala.
0:06 of 1st period - Stopped by Samuel Montembeault without a rebound.
0:07 of 1st period - Nick Suzuki wins face-off versus Alexander Wennberg in Hartford Whalers zone.
0:20 of 1st period - Wrist shot by Joshua Norris.
0:20 of 1st period - Shot Misses the Net.
0:58 of 1st period - Wrist shot by Carter Verhaeghe.
0:58 of 1st period - Stopped by Samuel Montembeault with a rebound.
1:06 of 1st period - Slapshot by Carter Verhaeghe.
1:06 of 1st period - Shot Misses the Net.
1:16 of 1st period - Wrist shot by Alexander Wennberg.
1:16 of 1st period - Shot Misses the Net.
2:24 of 1st period - Wrist shot by Kevin Fiala.
2:24 of 1st period - Goal by Kevin Fiala - San Jose Sharks : 1 - Hartford Whalers : 0.
2:25 of 1st period - Anthony Cirelli wins face-off versus Adam Henrique in neutral zone.
2:50 of 1st period - Josh Manson is hit by Anders Lee and loses puck.
3:22 of 1st period - Ilya Mikheyev is hit by Anders Lee and loses puck.
4:15 of 1st period - Pierre-Luc Dubois is hit by Robby Fabbri and loses puck.
4:22 of 1st period - Jordan Spence is hit by Pierre-Luc Dubois and loses puck.
9:20 of 1st period - Icing by Devon Toews.
9:21 of 1st period - Nick Suzuki wins face-off versus Andrew Copp in Hartford Whalers zone.
9:38 of 1st period - Connor Murphy is hit by Anders Lee and loses puck.
10:09 of 1st period - Wrist shot by Blake Lizotte.
10:09 of 1st period - Stopped by Samuel Montembeault without a rebound.
10:10 of 1st period - Travis Boyd wins face-off versus Matthew Coronato in Hartford Whalers zone.
10:17 of 1st period - Slapshot by Robby Fabbri.
10:17 of 1st period - Stopped by Samuel Montembeault without a rebound.
10:18 of 1st period - Adam Henrique wins face-off versus Anders Lee in Hartford Whalers zone.
10:31 of 1st period - Slapshot by Dylan Guenther.
10:31 of 1st period - Deflect By Anders Lee.
10:31 of 1st period - Stopped by Jakub Dobes with a rebound.
10:33 of 1st period - Wrist shot by Matthew Coronato.
10:33 of 1st period - Stopped by Jakub Dobes with a rebound.
11:07 of 1st period - Wrist shot by Nick Suzuki.
11:07 of 1st period - Deflect By Alexander Wennberg.
11:07 of 1st period - Stopped by Jakub Dobes with a rebound.
11:09 of 1st period - Snap shot by Devon Toews.
11:09 of 1st period - Stopped by Jakub Dobes without a rebound.
11:10 of 1st period - Adam Henrique wins face-off versus Nick Suzuki in San Jose Sharks zone.
11:17 of 1st period - Wrist shot by Tom Wilson.
11:17 of 1st period - Stopped by Jakub Dobes without a rebound.
11:18 of 1st period - Adam Henrique wins face-off versus Anthony Cirelli in San Jose Sharks zone.
11:18 of 1st period - Adam Henrique is hit by Seth Jones.
11:54 of 1st period - Wrist shot by Andre Burakovsky.
11:54 of 1st period - Stopped by Samuel Montembeault with a rebound.
12:50 of 1st period - Wrist shot by Andre Burakovsky.
12:50 of 1st period - Deflect By Anthony Cirelli.
12:50 of 1st period - Shot Misses the Net.
12:50 of 1st period - Puck is out of play.
12:51 of 1st period - Andrew Copp wins face-off versus Matthew Coronato in Hartford Whalers zone.
12:55 of 1st period - Minor Penalty to Anders Lee for Tripping.
12:56 of 1st period - Nick Suzuki wins face-off versus Carter Verhaeghe in Hartford Whalers zone.
14:25 of 1st period - Connor Murphy is hit by Vladislav Gavrikov and loses puck.
14:50 of 1st period - Max Domi is hit by Pierre-Luc Dubois and loses puck.
14:55 of 1st period - Penalty to Anders Lee is over, Anders Lee is back on ice.
14:55 of 1st period - Snap shot by Jonathan Drouin.
14:55 of 1st period - Stopped by Jakub Dobes with a rebound.
15:07 of 1st period - Anders Lee is hit by Josh Manson and loses puck.
15:22 of 1st period - Andrew Copp is hit by Charlie McAvoy and loses puck.
17:17 of 1st period - Icing by Charlie McAvoy.
17:18 of 1st period - Jonathan Drouin wins face-off versus Adam Henrique in Hartford Whalers zone.
17:27 of 1st period - Max Domi is hit by Kaapo Kakko and loses puck.
18:01 of 1st period - Anthony Beauvillier is hit by Pierre-Luc Dubois and loses puck.
18:26 of 1st period - Slapshot by Tom Wilson.
18:26 of 1st period - Stopped by Jakub Dobes with a rebound.
18:28 of 1st period - Wrist shot by Tom Wilson.
18:28 of 1st period - Stopped by Jakub Dobes without a rebound.
18:29 of 1st period - Nick Suzuki wins face-off versus Alexander Wennberg in San Jose Sharks zone.
18:33 of 1st period - Icing by Carter Verhaeghe.
18:34 of 1st period - Alexander Wennberg wins face-off versus Matthew Coronato in San Jose Sharks zone.
18:47 of 1st period - Wrist shot by Carter Verhaeghe.
18:47 of 1st period - Stopped by Samuel Montembeault with a rebound.
19:43 of 1st period - Snap shot by Nick Suzuki.
19:43 of 1st period - Shot Misses the Net.
19:45 of 1st period - Slapshot by Kaapo Kakko.
19:45 of 1st period - Stopped by Jakub Dobes without a rebound.
19:46 of 1st period - Travis Boyd wins face-off versus Kaapo Kakko in San Jose Sharks zone.
19:50 of 1st period - Off-side.
19:51 of 1st period - Andrew Copp wins face-off versus Nick Suzuki in neutral zone.
Goals for this period are 1 for San Jose Sharks vs 0 for Hartford Whalers.
Shots for this period are 7 for San Jose Sharks vs 9 for Hartford Whalers.

2nd period


0:01 of 2nd period - Nick Suzuki wins face-off versus Carter Verhaeghe in neutral zone.
0:26 of 2nd period - Marcus Pettersson is hit by Matthew Coronato and loses puck.
0:57 of 2nd period - Backhand shot by Max Domi.
0:57 of 2nd period - Stopped by Samuel Montembeault with a rebound.
1:15 of 2nd period - Wrist shot by Kaapo Kakko.
1:15 of 2nd period - Shot Blocked by Robby Fabbri.
1:17 of 2nd period - Slapshot by Jonathan Drouin.
1:17 of 2nd period - Deflect By Nick Suzuki.
1:17 of 2nd period - Shot Misses the Net.
1:17 of 2nd period - Puck is out of play.
1:18 of 2nd period - Alexander Wennberg wins face-off versus Matthew Coronato in San Jose Sharks zone.
2:34 of 2nd period - Slapshot by Braden Schneider.
2:34 of 2nd period - Deflect By Marcus Pettersson.
2:34 of 2nd period - Stopped by Jakub Dobes without a rebound.
2:35 of 2nd period - Alexander Wennberg wins face-off versus Nick Suzuki in San Jose Sharks zone.
2:42 of 2nd period - Snap shot by Alexander Wennberg.
2:42 of 2nd period - Stopped by Samuel Montembeault with a rebound.
3:08 of 2nd period - Snap shot by Dylan Guenther.
3:08 of 2nd period - Stopped by Jakub Dobes with a rebound.
3:24 of 2nd period - Tyler Myers is hit by Andre Burakovsky and loses puck.
3:29 of 2nd period - Snap shot by Max Domi.
3:29 of 2nd period - Shot Misses the Net.
3:31 of 2nd period - Slapshot by Mattias Samuelsson.
3:31 of 2nd period - Stopped by Samuel Montembeault with a rebound.
3:33 of 2nd period - Snap shot by Adam Henrique.
3:33 of 2nd period - Stopped by Samuel Montembeault with a rebound.
3:35 of 2nd period - Wrist shot by Adam Henrique.
3:35 of 2nd period - Goal by Adam Henrique - San Jose Sharks : 2 - Hartford Whalers : 0.
3:36 of 2nd period - Alexander Wennberg wins face-off versus Nick Suzuki in neutral zone.
3:45 of 2nd period - Slapshot by Joshua Norris.
3:45 of 2nd period - Stopped by Jakub Dobes without a rebound.
3:46 of 2nd period - Alexander Wennberg wins face-off versus Tom Wilson in San Jose Sharks zone.
3:59 of 2nd period - Snap shot by Joshua Norris.
3:59 of 2nd period - Stopped by Jakub Dobes with a rebound.
4:01 of 2nd period - Snap shot by Joshua Norris.
4:01 of 2nd period - Stopped by Jakub Dobes with a rebound.
4:19 of 2nd period - Snap shot by Carter Verhaeghe.
4:19 of 2nd period - Deflect By Nick Suzuki.
4:19 of 2nd period - Shot Blocked by Tyler Myers.
4:19 of 2nd period - Puck is out of play.
4:20 of 2nd period - Adam Henrique wins face-off versus Matthew Coronato in Hartford Whalers zone.
4:24 of 2nd period - Minor Penalty to Anders Lee for Holding.
4:25 of 2nd period - Joshua Norris wins face-off versus Andre Burakovsky in Hartford Whalers zone.
5:01 of 2nd period - Snap shot by Andre Burakovsky.
5:01 of 2nd period - Goal by Andre Burakovsky - San Jose Sharks : 3 - Hartford Whalers : 0.
5:02 of 2nd period - Anthony Cirelli wins face-off versus Andrew Copp in neutral zone.
5:28 of 2nd period - Nicolas Hague is hit by Tyler Myers and loses puck.
5:51 of 2nd period - Connor Murphy is hit by Joshua Norris and loses puck.
6:00 of 2nd period - Snap shot by Joshua Norris.
6:00 of 2nd period - Stopped by Jakub Dobes with a rebound.
6:02 of 2nd period - Snap shot by Nick Suzuki.
6:02 of 2nd period - Shot Hit the Post.
6:08 of 2nd period - Minor Penalty to Carter Verhaeghe for High sticking.
6:09 of 2nd period - Nick Suzuki wins face-off versus Kevin Fiala in San Jose Sharks zone.
6:36 of 2nd period - Jonathan Drouin is hit by Josh Manson.
8:08 of 2nd period - Penalty to Carter Verhaeghe is over, Carter Verhaeghe is back on ice.
8:19 of 2nd period - Snap shot by Travis Boyd.
8:19 of 2nd period - Stopped by Samuel Montembeault without a rebound.
8:20 of 2nd period - Travis Boyd wins face-off versus Matthew Coronato in Hartford Whalers zone.
8:21 of 2nd period - Wrist shot by Robby Fabbri.
8:21 of 2nd period - Shot Blocked by Seth Jones.
8:23 of 2nd period - Wrist shot by Travis Boyd.
8:23 of 2nd period - Goal by Travis Boyd - San Jose Sharks : 4 - Hartford Whalers : 0.
8:24 of 2nd period - Adam Henrique wins face-off versus Nick Suzuki in neutral zone.
8:56 of 2nd period - Wrist shot by Andrew Copp.
8:56 of 2nd period - Stopped by Samuel Montembeault without a rebound.
8:57 of 2nd period - Anthony Cirelli wins face-off versus Anthony Beauvillier in Hartford Whalers zone.
8:57 of 2nd period - Anthony Cirelli is hit by Andrew Copp.
9:02 of 2nd period - Off-side.
9:03 of 2nd period - Kaapo Kakko wins face-off versus Adam Henrique in neutral zone.
9:14 of 2nd period - Wrist shot by Andre Burakovsky.
9:14 of 2nd period - Shot Misses the Net.
9:34 of 2nd period - Snap shot by Anthony Beauvillier.
9:34 of 2nd period - Stopped by Samuel Montembeault without a rebound.
9:35 of 2nd period - Andrew Copp wins face-off versus Anthony Cirelli in Hartford Whalers zone.
9:38 of 2nd period - Wrist shot by Anthony Beauvillier.
9:38 of 2nd period - Stopped by Samuel Montembeault with a rebound.
10:14 of 2nd period - Anthony Beauvillier is hit by Pierre-Luc Dubois.
10:42 of 2nd period - Snap shot by Pierre-Luc Dubois.
10:42 of 2nd period - Deflect By Anthony Cirelli.
10:42 of 2nd period - Shot Misses the Net.
10:42 of 2nd period - Puck is out of play.
10:43 of 2nd period - Matthew Coronato wins face-off versus Alexander Wennberg in San Jose Sharks zone.
10:49 of 2nd period - Minor Penalty to Marcus Pettersson for Holding.
10:50 of 2nd period - Nick Suzuki wins face-off versus Alexander Wennberg in San Jose Sharks zone.
12:42 of 2nd period - Kevin Fiala is hit by Kaapo Kakko and loses puck.
12:49 of 2nd period - Penalty to Marcus Pettersson is over, Marcus Pettersson is back on ice.
13:01 of 2nd period - Matthew Coronato is hit by Ilya Mikheyev and loses puck.
13:16 of 2nd period - Slapshot by Mattias Samuelsson.
13:16 of 2nd period - Shot Misses the Net.
13:22 of 2nd period - Snap shot by Robby Fabbri.
13:22 of 2nd period - Shot Misses the Net.
14:12 of 2nd period - Jordan Spence is hit by Charlie McAvoy and loses puck.
14:30 of 2nd period - Vladislav Gavrikov is hit by Max Domi and loses puck.
14:43 of 2nd period - Snap shot by Travis Boyd.
14:43 of 2nd period - Deflect By Robby Fabbri.
14:43 of 2nd period - Deflect By Tom Wilson.
14:43 of 2nd period - Shot Blocked by Tyler Myers.
14:43 of 2nd period - Puck is out of play.
14:44 of 2nd period - Nick Suzuki wins face-off versus Travis Boyd in Hartford Whalers zone.
14:51 of 2nd period - Robby Fabbri is hit by Tom Wilson and loses puck.
15:27 of 2nd period - Marcus Pettersson is hit by Anders Lee and loses puck.
15:32 of 2nd period - Snap shot by Anders Lee.
15:32 of 2nd period - Deflect By Dylan Guenther.
15:32 of 2nd period - Shot Misses the Net.
15:32 of 2nd period - Puck is out of play.
15:33 of 2nd period - Nick Suzuki wins face-off versus Alexander Wennberg in San Jose Sharks zone.
16:09 of 2nd period - Snap shot by Adam Henrique.
16:09 of 2nd period - Stopped by Samuel Montembeault with a rebound.
16:46 of 2nd period - Snap shot by Robby Fabbri.
16:46 of 2nd period - Stopped by Samuel Montembeault with a rebound.
16:48 of 2nd period - Snap shot by Blake Lizotte.
16:48 of 2nd period - Shot Blocked by Devon Toews.
17:31 of 2nd period - Wrist shot by Joshua Norris.
17:31 of 2nd period - Shot Misses the Net.
17:33 of 2nd period - Slapshot by Tyler Myers.
17:33 of 2nd period - Stopped by Jakub Dobes with a rebound.
17:35 of 2nd period - Snap shot by Nick Suzuki.
17:35 of 2nd period - Shot Blocked by Ilya Mikheyev.
18:43 of 2nd period - Slapshot by Matthew Coronato.
18:43 of 2nd period - Stopped by Jakub Dobes without a rebound.
18:44 of 2nd period - Andrew Copp wins face-off versus Matthew Coronato in San Jose Sharks zone.
18:55 of 2nd period - Slapshot by Connor Murphy.
18:55 of 2nd period - Deflect By Ilya Mikheyev.
18:55 of 2nd period - Goal by Ilya Mikheyev - San Jose Sharks : 5 - Hartford Whalers : 0.
18:56 of 2nd period - Nick Suzuki wins face-off versus Adam Henrique in neutral zone.
19:02 of 2nd period - Icing by Andre Burakovsky.
19:03 of 2nd period - Adam Henrique wins face-off versus Nick Suzuki in San Jose Sharks zone.
19:37 of 2nd period - Off-side.
19:38 of 2nd period - Alexander Wennberg wins face-off versus Pierre-Luc Dubois in neutral zone.
19:41 of 2nd period - Slapshot by Carter Verhaeghe.
19:41 of 2nd period - Stopped by Samuel Montembeault with a rebound.
19:43 of 2nd period - Wrist shot by Carter Verhaeghe.
19:43 of 2nd period - Stopped by Samuel Montembeault with a rebound.
19:45 of 2nd period - Slapshot by Nicolas Hague.
19:45 of 2nd period - Shot Misses the Net.
19:47 of 2nd period - Slapshot by Carter Verhaeghe.
19:47 of 2nd period - Shot Misses the Net.
19:49 of 2nd period - Backhand shot by Jordan Spence.
19:49 of 2nd period - Stopped by Samuel Montembeault without a rebound.
19:49 of 2nd period - Minor Penalty to Samuel Montembeault for Slashing.
19:50 of 2nd period - Joshua Norris wins face-off versus Carter Verhaeghe in Hartford Whalers zone.
Goals for this period are 4 for San Jose Sharks vs 0 for Hartford Whalers.
Shots for this period are 17 for San Jose Sharks vs 8 for Hartford Whalers.

3rd period


0:01 of 3rd period - Carter Verhaeghe wins face-off versus Anthony Cirelli in neutral zone.
0:16 of 3rd period - Slapshot by Tyler Myers.
0:16 of 3rd period - Shot Blocked by Josh Manson.
0:35 of 3rd period - Slapshot by Alexander Wennberg.
0:35 of 3rd period - Stopped by Samuel Montembeault without a rebound.
0:36 of 3rd period - Alexander Wennberg wins face-off versus Nick Suzuki in Hartford Whalers zone.
0:41 of 3rd period - Snap shot by Alexander Wennberg.
0:41 of 3rd period - Deflect By Andre Burakovsky.
0:41 of 3rd period - Goal by Andre Burakovsky - San Jose Sharks : 6 - Hartford Whalers : 0.
0:42 of 3rd period - Nick Suzuki wins face-off versus Alexander Wennberg in neutral zone.
0:57 of 3rd period - Slapshot by Joshua Norris.
0:57 of 3rd period - Shot Misses the Net.
0:59 of 3rd period - Snap shot by Tom Wilson.
0:59 of 3rd period - Shot Misses the Net.
1:14 of 3rd period - Tomas Hertl is hit by Carter Verhaeghe and loses puck.
2:42 of 3rd period - Wrist shot by Dylan Guenther.
2:42 of 3rd period - Stopped by Jakub Dobes without a rebound.
2:43 of 3rd period - Anders Lee wins face-off versus Adam Henrique in San Jose Sharks zone.
3:07 of 3rd period - Snap shot by Anders Lee.
3:07 of 3rd period - Goal by Anders Lee - San Jose Sharks : 6 - Hartford Whalers : 1.
3:08 of 3rd period - Nick Suzuki wins face-off versus Alexander Wennberg in neutral zone.
3:21 of 3rd period - Snap shot by Tom Wilson.
3:21 of 3rd period - Deflect By Nick Suzuki.
3:21 of 3rd period - Stopped by Jakub Dobes with a rebound.
3:31 of 3rd period - Minor Penalty to Kevin Fiala for Holding.
3:32 of 3rd period - Alexander Wennberg wins face-off versus Anthony Cirelli in San Jose Sharks zone.
4:01 of 3rd period - Off-side.
4:02 of 3rd period - Nick Suzuki wins face-off versus Anthony Beauvillier in neutral zone.
4:07 of 3rd period - Snap shot by Tom Wilson.
4:07 of 3rd period - Shot Blocked by Marcus Pettersson.
4:09 of 3rd period - Slapshot by Matthew Coronato.
4:09 of 3rd period - Stopped by Jakub Dobes with a rebound.
4:11 of 3rd period - Slapshot by Devon Toews.
4:11 of 3rd period - Stopped by Jakub Dobes with a rebound.
4:13 of 3rd period - Snap shot by Tom Wilson.
4:13 of 3rd period - Shot Blocked by Carter Verhaeghe.
5:31 of 3rd period - Penalty to Kevin Fiala is over, Kevin Fiala is back on ice.
6:55 of 3rd period - Minor Penalty to Kevin Fiala for Hooking.
6:56 of 3rd period - Alexander Wennberg wins face-off versus Tomas Hertl in San Jose Sharks zone.
8:55 of 3rd period - Penalty to Kevin Fiala is over, Kevin Fiala is back on ice.
9:08 of 3rd period - Snap shot by Blake Lizotte.
9:08 of 3rd period - Shot Misses the Net.
9:16 of 3rd period - Nicolas Hague is hit by Nick Suzuki.
9:53 of 3rd period - Kaapo Kakko is hit by Nicolas Hague and loses puck.
10:56 of 3rd period - Tomas Hertl is hit by Robby Fabbri and loses puck.
11:26 of 3rd period - Joshua Norris is hit by Marcus Pettersson and loses puck.
11:47 of 3rd period - Slapshot by Marcus Pettersson.
11:47 of 3rd period - Shot Misses the Net.
12:41 of 3rd period - Anthony Cirelli is hit by Connor Murphy and loses puck.
12:54 of 3rd period - Anthony Cirelli is hit by Blake Lizotte and loses puck.
13:39 of 3rd period - Kevin Fiala is hit by Braden Schneider and loses puck.
13:58 of 3rd period - Wrist shot by Anthony Beauvillier.
13:58 of 3rd period - Stopped by Samuel Montembeault without a rebound.
13:59 of 3rd period - Andrew Copp wins face-off versus Matthew Coronato in Hartford Whalers zone.
14:02 of 3rd period - Wrist shot by Andrew Copp.
14:02 of 3rd period - Shot Misses the Net.
14:23 of 3rd period - Nicolas Hague is hit by Nick Suzuki and loses puck.
15:30 of 3rd period - Icing by Dylan Guenther.
15:31 of 3rd period - Andrew Copp wins face-off versus Matthew Coronato in Hartford Whalers zone.
15:34 of 3rd period - Wrist shot by Andrew Copp.
15:34 of 3rd period - Shot Blocked by Braden Schneider.
15:36 of 3rd period - Slapshot by Mattias Samuelsson.
15:36 of 3rd period - Deflect By Ilya Mikheyev.
15:36 of 3rd period - Stopped by Samuel Montembeault without a rebound.
15:37 of 3rd period - Adam Henrique wins face-off versus Pierre-Luc Dubois in Hartford Whalers zone.
15:38 of 3rd period - Slapshot by Max Domi.
15:38 of 3rd period - Stopped by Samuel Montembeault without a rebound.
15:39 of 3rd period - Adam Henrique wins face-off versus Anthony Cirelli in Hartford Whalers zone.
15:48 of 3rd period - Snap shot by Max Domi.
15:48 of 3rd period - Stopped by Samuel Montembeault with a rebound.
16:08 of 3rd period - Slapshot by Joshua Norris.
16:08 of 3rd period - Shot Blocked by Kevin Fiala.
16:10 of 3rd period - Slapshot by Tom Wilson.
16:10 of 3rd period - Shot Misses the Net.
16:14 of 3rd period - Wrist shot by Nick Suzuki.
16:14 of 3rd period - Deflect By Joshua Norris.
16:14 of 3rd period - Shot Misses the Net.
16:14 of 3rd period - Puck is out of play.
16:15 of 3rd period - Adam Henrique wins face-off versus Anthony Cirelli in San Jose Sharks zone.
16:50 of 3rd period - Slapshot by Ilya Mikheyev.
16:50 of 3rd period - Stopped by Samuel Montembeault with a rebound.
16:52 of 3rd period - Wrist shot by Ilya Mikheyev.
16:52 of 3rd period - Stopped by Samuel Montembeault without a rebound.
16:53 of 3rd period - Carter Verhaeghe wins face-off versus Nick Suzuki in Hartford Whalers zone.
16:54 of 3rd period - Slapshot by Kevin Fiala.
16:54 of 3rd period - Stopped by Samuel Montembeault with a rebound.
16:59 of 3rd period - Icing by Nick Suzuki.
17:00 of 3rd period - Alexander Wennberg wins face-off versus Nick Suzuki in Hartford Whalers zone.
17:01 of 3rd period - Snap shot by Carter Verhaeghe.
17:01 of 3rd period - Shot Blocked by Vladislav Gavrikov.
17:07 of 3rd period - Snap shot by Tom Wilson.
17:07 of 3rd period - Shot Blocked by Mattias Samuelsson.
17:09 of 3rd period - Wrist shot by Nick Suzuki.
17:09 of 3rd period - Shot Misses the Net.
17:11 of 3rd period - Slapshot by Tom Wilson.
17:11 of 3rd period - Goal by Tom Wilson - San Jose Sharks : 6 - Hartford Whalers : 2.
17:12 of 3rd period - Nick Suzuki wins face-off versus Adam Henrique in neutral zone.
17:27 of 3rd period - Wrist shot by Joshua Norris.
17:27 of 3rd period - Shot Blocked by Connor Murphy.
17:29 of 3rd period - Wrist shot by Joshua Norris.
17:29 of 3rd period - Goal by Joshua Norris - San Jose Sharks : 6 - Hartford Whalers : 3.
17:30 of 3rd period - Nick Suzuki wins face-off versus Andre Burakovsky in neutral zone.
17:37 of 3rd period - Wrist shot by Joshua Norris.
17:37 of 3rd period - Stopped by Jakub Dobes with a rebound.
17:39 of 3rd period - Slapshot by Tyler Myers.
17:39 of 3rd period - Stopped by Jakub Dobes with a rebound.
17:41 of 3rd period - Wrist shot by Nick Suzuki.
17:41 of 3rd period - Shot Misses the Net.
17:43 of 3rd period - Wrist shot by Joshua Norris.
17:43 of 3rd period - Stopped by Jakub Dobes with a rebound.
17:45 of 3rd period - Slapshot by Seth Jones.
17:45 of 3rd period - Deflect By Joshua Norris.
17:45 of 3rd period - Shot Blocked by Connor Murphy.
17:45 of 3rd period - Puck is out of play.
17:46 of 3rd period - Anthony Cirelli wins face-off versus Alexander Wennberg in San Jose Sharks zone.
18:26 of 3rd period - Wrist shot by Dylan Guenther.
18:26 of 3rd period - Stopped by Jakub Dobes without a rebound.
18:27 of 3rd period - Alexander Wennberg wins face-off versus Nick Suzuki in San Jose Sharks zone.
18:31 of 3rd period - Icing by Kevin Fiala.
18:32 of 3rd period - Alexander Wennberg wins face-off versus Nick Suzuki in San Jose Sharks zone.
18:32 of 3rd period - Alexander Wennberg is hit by Nick Suzuki.
19:33 of 3rd period - Slapshot by Carter Verhaeghe.
19:33 of 3rd period - Shot Misses the Net.
19:43 of 3rd period - Slapshot by Tom Wilson.
19:43 of 3rd period - Stopped by Jakub Dobes without a rebound.
19:44 of 3rd period - Anthony Cirelli wins face-off versus Adam Henrique in San Jose Sharks zone.
19:45 of 3rd period - Wrist shot by Pierre-Luc Dubois.
19:45 of 3rd period - Stopped by Jakub Dobes without a rebound.
19:46 of 3rd period - Adam Henrique wins face-off versus Anthony Cirelli in San Jose Sharks zone.
19:46 of 3rd period - Adam Henrique is hit by Vladislav Gavrikov.
19:58 of 3rd period - Slapshot by Max Domi.
19:58 of 3rd period - Stopped by Samuel Montembeault with a rebound.
Goals for this period are 1 for San Jose Sharks vs 3 for Hartford Whalers.
Shots for this period are 10 for San Jose Sharks vs 13 for Hartford Whalers.